 Dungeon Crawl Stone Soup version 0.32-a0-711-g016ad743e0 (webtiles) character file.

Game seed: 986949268382747052

13318 Aldia the Cruncher (level 12, -2/145 HPs)
             Began as a Formicid Fighter on Mar 15, 2024.
             Was a Believer of Nemelex Xobeh.
             Slain by a kobold demonologist
             ... wielding a +0 war axe
              (6 damage)
             ... on level 9 of the Dungeon.
             The game lasted 00:18:18 (9567 turns).

Aldia the Cruncher (Formicid Fighter)               Turns: 9567, Time: 00:18:18

Health: -2/145     AC: 30    Str: 22    XL:     12   Next: 31%
Magic:  19/19      EV:  2    Int: 12    God:    Nemelex Xobeh [**....]
Gold:   375        SH: 11    Dex: 15    Spells: 11/11 levels left

rFire   . . .        D - +6 quarterstaff of Caoxah {freeze, rC+ Str-2 Int+4}
rCold   + . .        c - +1 buckler
rNeg    . . .        r - melded +0 chain mail
rPois   +            (helmet unavailable)
rElec   .            d - melded +2 cloak {rPois}
rCorr   .            (gloves currently unavailable)
SInv    .            L - melded +0 pair of boots
Will    +....        e - amulet of reflection
Stlth   +            p - +4 ring of protection
HPRegen 0.44/turn    I - +5 ring of evasion
MPRegen 0.16/turn

%: reflection
@: mighty, tree-form
A: stationary, stasis, torment immunity, boosted hp, permanent stasis, dig
shafts and tunnels, (antennae 3), four strong arms
a: Renounce Religion, Draw Escape, Draw Destruction, Draw Summoning


You were on level 9 of the Dungeon.
You worshipped Nemelex Xobeh.
Nemelex Xobeh was pleased with you.
You were a tree.
You visited 2 branches of the dungeon, and saw 10 of its levels.

You collected 399 gold pieces.
You donated 24 gold pieces to Zin.

Inventory:

Hand Weapons
 a - a +0 quarterstaff
 D - the +6 quarterstaff of Caoxah (weapon) {freeze, rC+ Str-2 Int+4}
   (You found it on level 6 of the Dungeon)

   Str-2:     It affects your strength (-2).
   Int+4:     It affects your intelligence (+4).
   rC+:       It protects you from cold.
Missiles
 B - 5 throwing nets
Armour
 c - a +1 buckler (worn)
 d - a +2 cloak of poison resistance (melded)
 r - a +0 chain mail (melded)
 H - +0 swamp dragon scales
 L - a +0 pair of boots (melded)
Jewellery
 e - an amulet of reflection (around neck)
 f - a +6 ring of intelligence
 n - a ring of resist corrosion
 p - a +4 ring of protection (left branch)
 v - a ring of poison resistance
 w - a ring of positive energy
 G - a ring of wizardry
 I - a +5 ring of evasion (right branch)
Wands
 u - a wand of iceblast (8)
 y - a wand of paralysis (10)
Scrolls
 g - 5 scrolls of vulnerability
 h - a scroll of amnesia {unknown}
 k - a scroll of enchant weapon {unknown}
 l - 2 scrolls of noise
 o - a scroll of fog {unknown}
 s - a scroll of immolation {unknown}
 t - 2 scrolls of enchant armour
 C - a scroll of butterflies {unknown}
 E - a scroll of fear {unknown}
 J - a scroll of acquirement {unknown}
 N - a scroll of silence {unknown}
Potions
 b - a potion of ambrosia
 i - a potion of berserk rage {unknown}
 j - 2 potions of heal wounds {unknown}
 m - 2 potions of attraction
 q - a potion of magic
 x - 2 potions of lignification
 z - a potion of invisibility {unknown}
 A - 2 potions of mutation
 F - a potion of brilliance
 K - a potion of degeneration {unknown}


   Skills:
 + Level 10.1 Fighting
 * Level 12.5 Staves
 + Level 10.1 Armour
 - Level 4.0 Shields
 + Level 9.5 Invocations


You had 11 spell levels left.
You didn't know any spells.
Your spell library contained the following spells:

 Spells                   Type           Power      Damage    Failure   Level
 Ensorcelled Hibernation  Hex/Ice        0%         N/A       52%         2
 Hailstorm                Conj/Ice       0%         3d5       75%         3
 Inner Flame              Hex/Fire       0%         N/A       75%         3
 Passwall                 Erth           0%         N/A       75%         3
 Summon Ice Beast         Ice/Summ       0%         N/A       75%         3
 Tukima's Dance           Hex            0%         N/A       75%         3
 Brom's Barrelling Bould  Conj/Erth      0%         2d3       98%         4
 Dimensional Bullseye     Hex/Tloc       0%         N/A       98%         4
 Flame Wave               Conj/Fire      0%         2d4       98%         4
 Iskenderun's Mystic Bla  Conj/Tloc      0%         2d3       98%         4
 Sticky Flame             Fire/Alch      0%         2d4       98%         4
 Fireball                 Conj/Fire      0%         3d3       100%        5
 Iskenderun's Battlesphe  Conj           0%         2d6       100%        5
 Conjure Ball Lightning   Conj/Air       0%         3x3d6     100%        6
 Permafrost Eruption      Ice/Erth       0%         2x4d2     100%        6
 Sculpt Simulacrum        Ice/Alch       0%         N/A       100%        6
 Orb of Destruction       Conj           0%         9d5       100%        7
 Swiftness                Air            Unusable   N/A       N/A         3

Dungeon Overview and Level Annotations

Branches:
Dungeon (9/15)             Temple (1/1) D:6            Lair (0/5) D:8
    Orc: D:9-12

Altars:
Ashenzari
Cheibriados
Dithmenos
Elyvilon
Fedhas
Gozag
Hepliaklqana
Kikubaaqudgha
Makhleb
Nemelex Xobeh
Okawaru
Qazlal
Ru
Sif Muna
Trog
Uskayaw
Vehumet
Wu Jian
Xom
Yredelemnul
Zin
The Shining One

Shops:
D:1 :

Annotations:
D:3 2 transporters, Dynojp's ghost, amateur MiFi


Innate Abilities, Weirdness & Mutations

You are a tree.
Your roots penetrate the ground, keeping you stationary.
You cannot be teleported.
You are immune to unholy pain and torment.
Your maximum health is greatly increased.
Your equipment is partially melded.
You cannot be hasted, slowed, berserked, paralysed or teleported.
You can dig through walls and to a lower floor.
((You have a pair of large antennae on your head. (SInv)))
Your four strong arms can wield two-handed weapons with a shield.


Message History

The tengu warrior hits you with the +1 broad axe of Ycizis!
The tengu warrior freezes you. The tengu warrior pecks you.
The tengu warrior claws you but does no damage.
You bludgeon the tengu warrior!! You freeze the tengu warrior.
You kill the tengu warrior!
The tengu conjurer points at you and mumbles some strange words.
The bolt of lightning hits you!! x2
* * * LOW HITPOINT WARNING * * *
Unknown command.
You thump the tengu conjurer! You freeze the tengu conjurer.
The tengu conjurer is moderately wounded.
You feel sick.
The tengu conjurer hits you but does no damage.
The tengu conjurer pecks you but does no damage.
The tengu conjurer claws you.
* * * LOW HITPOINT WARNING * * *
Unknown command.
It was a potion of lignification.
You turn into a tree.
Your +2 cloak of poison resistance melds into your body.
Your +0 pair of boots melds into your body.
Your +0 chain mail melds into your body.
You no longer feel resistant to poison.
Your roots penetrate the ground.
You feel sick.
The tengu conjurer hits you with a +1 glaive of venom!
* * * LOW HITPOINT WARNING * * *
You block the tengu conjurer's attack. x2
Unknown command.
You thump the tengu conjurer! You freeze the tengu conjurer.
The tengu conjurer is almost dead.
You feel sick.
You sock the tengu conjurer! You freeze the tengu conjurer.
You kill the tengu conjurer!
The battlesphere dissipates.
You feel sick.
You barely miss the kobold demonologist.
You closely miss the kobold demonologist.
You feel sick.
You are no longer poisoned.
The kobold demonologist hits you with a +0 war axe.
You die...
Your body glows slightly and disappears.

...#...(.#..#..# #.# #..)....#.
.###.#†###.#.#.#.###.###.......#.
#...#..#..#.#...##.....#.......#.
.###.#.##.##.#..####.###.......#.
.....#..## #..##)# #.# #.......#.
##.###### ###.### #.###.......#.
#.##.# #.....# ##..#.......#>
.....# #.###$###...#.......#.
.##.## #. #♣##...##.......#.
.....# #.###K#...###.......#.
#.##.# { #....°#..## #.......#.
##.### ###.#####.###.......##
.....# #.....#[....#.##....#.
..#..# ,#.###.###.###..#.(..'.
.###.# ,... .#..#..#..#....##
..[#.# ..# , ###.###).#......
.)...# .... #.....#..##+##..


You could see a kobold demonologist.

Vanquished Creatures
  A hydra (D:9)
  Harold (D:9)
  Erica (D:9)
  2 boulder beetles (D:9)
  3 two-headed ogres
  A tengu warrior (D:9)
  A deep elf pyromancer (D:9)
  A cyclops (D:9)
  A meliai (D:9)
  Maggie (D:7)
  A tengu conjurer (D:9)
  A troll (D:9)
  Prince Ribbit (D:6)
  Sigmund (D:3)
  5 yaks
  A wraith (D:9)
  A wyvern (D:9)
  A steam dragon (D:8)
  Menkaure (D:4)
  4 water moccasins
  2 sky beasts
  4 black bears
  5 orc warriors
  2 ogres
  3 centaurs (D:9)
  A kobold brigand (D:7)
  6 bullfrogs
  5 scorpions
  6 killer bees
  4 howler monkeys
  2 bombardier beetles
  4 crimson imps (D:4)
  2 jellies
  3 hounds
  5 orc priests
  2 sleepcaps
  Crazy Yiuf (D:3)
  Ijyb (D:4)
  12 orc wizards
  3 gnolls (D:6)
  12 adders
  A shadow imp (D:6)
  2 white imps (D:7)
  2 ufetubi (D:7)
  2 dart slugs
  23 orcs
  5 bats
  4 endoplasms
  3 giant cockroaches
  6 hobgoblins
  10 jackals
  3 quokkas
  7 ball pythons
  2 frilled lizards
  8 goblins
  13 kobolds
  7 rats
213 creatures vanquished.

Vanquished Creatures (collateral kills)
  A wyvern (D:9)
  2 orc warriors (D:9)
  A bullfrog (D:9)
  An orc wizard (D:9)
5 creatures vanquished.

Grand Total: 218 creatures vanquished

Notes
Turn   | Place    | Note
-------+----------+-------------------------------------------
     0 | D:1      | Aldia the Formicid Fighter began the quest for the Orb.
     0 | D:1      | Reached XP level 1. HP: 18/18 MP: 1/1
    93 | D:1      | Reached XP level 2. HP: 15/24 MP: 2/2
   145 | D:1      | Found Beheurcha's Book Emporium.
   346 | D:1      | Reached XP level 3. HP: 25/29 MP: 3/3
   678 | D:2      | Found a faded altar of an unknown god.
   721 | D:2      | Reached skill level 3 in Staves
   807 | D:2      | Reached XP level 4. HP: 28/37 MP: 4/4
  1214 | D:3      | Noticed an ogre
  1219 | D:3      | Killed an ogre
  1220 | D:3      | Reached skill level 4 in Staves
  1220 | D:3      | Reached XP level 5. HP: 42/42 MP: 5/5
  1275 | D:3      | Found a transporter.
  1282 | D:3      | Noticed Sigmund
  1294 | D:3      | Killed Sigmund
  1295 | D:3      | Reached XP level 6. HP: 49/49 MP: 6/6
  1407 | D:3      | Found a glowing silver altar of Zin.
  1407 | D:3      | Found an opulent altar of Gozag.
  1511 | D:3      | Reached skill level 5 in Staves
  2087 | D:3      | Noticed Dynojp's ghost (amateur MiFi)
  2088 | D:3      | Noticed an ogre
  2089 | D:3      | Identified the +1 great mace "Spiderslayer" {distort, rElec
                  | rN+}
  2089 | D:3      | Noticed an ogre
  2089 | D:3      | Noticed an ogre
  2090 | D:3      | Found a transporter.
  2189 | D:3      | Reached XP level 7. HP: 55/55 MP: 7/7
  2288 | D:3      | Found a runed translucent door.
  2289 | D:3      | Noticed Crazy Yiuf
  2382 | D:3      | Became a worshipper of Zin the Law-Giver
  2382 | D:3      | Reached * piety under Zin
  2480 | D:3      | Killed Crazy Yiuf
  2694 | D:4      | Reached skill level 5 in Armour
  2771 | D:4      | Found a shimmering altar of Xom.
  2784 | D:4      | Reached skill level 5 in Fighting
  2784 | D:4      | Reached skill level 1 in Invocations
  2927 | D:4      | Identified the +3 falchion of the Wilderness {antimagic,
                  | *Corrode Fly rElec}
  3474 | D:4      | Noticed Menkaure
  3482 | D:4      | Killed Menkaure
  3482 | D:4      | Reached ** piety under Zin
  3483 | D:4      | Reached skill level 6 in Staves
  3483 | D:4      | Reached XP level 8. HP: 31/63 MP: 9/9
  3777 | D:4      | Found an ornate altar of the Wu Jian Council.
  3924 | D:4      | Noticed Ijyb
  3928 | D:4      | Killed Ijyb
  4167 | D:5      | Entered Level 5 of the Dungeon
  4541 | D:5      | Reached skill level 7 in Staves
  4714 | D:5      | Reached XP level 9. HP: 63/69 MP: 10/12
  4952 | D:5      | Noticed a two-headed ogre
  4962 | D:5      | You fall into a shaft and drop 2 floors!
  5300 | D:6      | Found a staircase to the Ecumenical Temple.
  5307 | Temple   | Entered the Ecumenical Temple
  5328 | Temple   | Fell from the grace of Zin
  5328 | Temple   | Became a worshipper of Nemelex Xobeh the Trickster
  5430 | D:6      | Noticed Prince Ribbit
  5450 | D:6      | Killed Prince Ribbit
  5451 | D:6      | Reached skill level 8 in Staves
  5534 | D:6      | Identified the +6 quarterstaff of Caoxah {freeze, rC+ Str-2
                  | Int+4}
  5723 | D:6      | Reached skill level 5 in Invocations
  6284 | D:7      | Reached * piety under Nemelex Xobeh
  6323 | D:7      | Noticed Maggie
  6333 | D:7      | Killed Maggie
  6707 | D:8      | Noticed a two-headed ogre
  6710 | D:8      | Reached XP level 10. HP: 56/79 MP: 14/14
  6716 | D:8      | Reached skill level 9 in Staves
  6721 | D:8      | Killed a two-headed ogre
  6851 | D:8      | Found a staircase to the Lair.
  6886 | D:8      | HP: 4/80 [orc warrior/+0 trident (2)]
  7156 | D:8      | Reached skill level 10 in Staves
  7442 | D:8      | Received a gift from Nemelex Xobeh
  7873 | D:9      | Noticed Erica
  7889 | D:9      | Killed Erica
  7890 | D:9      | Reached XP level 11. HP: 49/87 MP: 16/16
  8175 | D:9      | Reached ** piety under Nemelex Xobeh
  8270 | D:9      | Noticed Harold
  8279 | D:9      | Killed Harold
  8280 | D:9      | Reached skill level 11 in Staves
  8689 | D:9      | Was forgiven by Zin
  8942 | D:9      | Noticed a deep elf pyromancer
  8953 | D:9      | Killed a deep elf pyromancer
  9066 | D:9      | Noticed a two-headed ogre
  9070 | D:9      | Noticed a meliai
  9076 | D:9      | Killed a two-headed ogre
  9079 | D:9      | Killed a meliai
  9250 | D:9      | Noticed a seven-headed hydra
  9250 | D:9      | Noticed a boulder beetle
  9270 | D:9      | Killed a seven-headed hydra
  9282 | D:9      | Noticed a two-headed ogre
  9285 | D:9      | Killed a boulder beetle
  9292 | D:9      | Reached skill level 12 in Staves
  9292 | D:9      | Reached XP level 12. HP: 69/97 MP: 18/18
  9298 | D:9      | Killed a two-headed ogre
  9302 | D:9      | Noticed a boulder beetle
  9355 | D:9      | Killed a boulder beetle
  9375 | D:9      | Reached skill level 10 in Fighting
  9375 | D:9      | Reached skill level 10 in Armour
  9546 | D:9      | Identified the +1 broad axe of Ycizis {freeze, ^Drain Int+5
                  | SInv}
  9546 | D:9      | Noticed a tengu warrior
  9561 | D:9      | Killed a tengu warrior
  9563 | D:9      | HP: 5/145 [tengu conjurer/+1 glaive of venom (8)]
  9567 | D:9      | Slain by a kobold demonologist

Illustrated notes

Levels and vault maps discovered:
D:1:      erik_arrival_blinker_ship, layout_rooms, serial_shops, shop,
          serial_bayou_crossing
D:2:      layout_basic, shapermc_ecumenical_altar_mp_urbaneastern,
          minmay_fountain_box, corexii_hall_statues_t
D:3:      layout_loops_corners, grunt_temple_overflow_gold_and_silver,
          gammafunk_ghost_smash, uniq_sigmund, uniq_crazy_yiuf_cottage
D:4:      minmay_opposing_rooms, layout_basic, led_xom_imps,
          lemuel_doored_altar, uniq_ijyb, uniq_menkaure
D:5:      wad_crossroads, layout_basic
D:6:      layout_basic, minmay_temple_entry_wispy, uniq_prince_ribbit1
D:7:      layout_loops_ring, hangedman_abyss_or_decor_jellyfish_corner,
          kennysheep_pointless_box, uniq_maggie
D:8:      layout_cave_pools, due_lair_maze_entry_diamond,
          chequers_serial_rivers_micro_b, st_stairs_10, minmay_orc_keep
D:9:      minmay_the_grid_square_5x5_4x4 [minmay_the_grid_square_5x5_plus,
          minmay_the_grid_square_5x5_slash, minmay_the_grid_square_5x5_comb,
          minmay_the_grid_square_5x5_inverted_slash,
          minmay_the_grid_square_5x5_corner,
          minmay_the_grid_square_5x5_prize_deathbox,
          minmay_the_grid_square_5x5_prize_pseudospiral,
          minmay_the_grid_square_5x5_beaten_path,
          minmay_the_grid_square_5x5_longway,
          minmay_the_grid_square_5x5_prize_rear_guard,
          minmay_the_grid_square_5x5_prize_open,
          minmay_the_grid_square_5x5_one_wall,
          minmay_the_grid_square_5x5_sharp_hourglass,
          minmay_the_grid_square_5x5_misaligned,
          minmay_the_grid_square_5x5_pentomino_r,
          minmay_the_grid_square_5x5_two_small], layout_gridville,
          eino_small_chamber_without_monster, uniq_harold, uniq_erica
Temple:   nicolae_temple_bog_church

Skill      XL: |  1  2  3  4  5  6  7  8  9 10 11 12 |
---------------+-------------------------------------+-----
Staves         | 3 4 5 6 7 8 10 12 | 12.5
Fighting       | 4 5 6 7 8 9 10 | 10.1
Armour         | 4 5 6 7 8 9 10 | 10.1
Invocations    | 2 4 5 7 9 |  9.5
Shields        | |  4.0

Action                     |  1- 3 |  4- 6 |  7- 9 | 10-12 || total
---------------------------+-------+-------+-------+-------++-------
  Melee: Quarterstaff      |    77 |    67 |   414 |   297 ||   855
 Invoke: Recite            |       |       |     1 |       ||     1
         Draw Destruction  |       |       |       |     3 ||     3
         Draw Summoning    |       |       |       |     1 ||     1
Ability: Shaft Self        |       |       |     1 |       ||     1
    Use: Scroll            |     1 |     3 |     3 |     3 ||    10
         Potion            |       |     3 |     1 |     3 ||     7
 Armour: Scale mail        |    54 |    65 |    64 |       ||   183
         Chain mail        |       |       |   160 |   205 ||   365
         Skin              |       |       |       |     2 ||     2
  Dodge: Dodged            |    23 |    33 |   100 |   107 ||   263
  Block: Buckler           |    20 |    18 |   207 |   177 ||   422
         Reflection        |       |       |     4 |     5 ||     9

Table legend: (Time is in decaauts)
 A = Elapsed time spent in this place.
 B = Non-inter-level travel time spent in this place.
 C = Inter-level travel time spent in this place.
 D = Time resting spent in this place.
 E = Time spent auto-exploring this place.
 F = Levels seen in this place.
 G = Mean time per level.
                   A        B        C        D        E       F      G
               +--------+--------+--------+--------+--------+-----+--------+
         Total |   9528 |   8905 |    623 |    312 |   6760 |  10 |  952.8 |
       Dungeon |   9485 |   8900 |    585 |    312 |   6760 |   9 | 1053.9 |
        Temple |     42 |      4 |     38 |      0 |      0 |   1 |   42.0 |
               +--------+--------+--------+--------+--------+-----+--------+

Top non-repeatable levels by time:
     D:9: 1749 daAuts
     D:4: 1549 daAuts
     D:3: 1455 daAuts
     D:8: 1078 daAuts
     D:7: 907 daAuts
     D:5: 791 daAuts
     D:6: 758 daAuts
     D:1: 665 daAuts
     D:2: 529 daAuts
  Temple: 42 daAuts
